3L
ATHLETIC CLUB KC @ ECHO PARK LAKERS
09/15/2039
 
TOP OF THE 1ST
Athletic Club KC batting - Pitching for Echo Park Lakers : RHP Nolan Howard
Pitching: RHP Nolan Howard
Batting: LHB César Núñez 0-0: Ball
1-0: Ball
2-0: Called Strike
2-1: Fly out, F9 (Flyball, 9S, EV 81.2 MPH)
Batting: RHB Ali Ben Bongo 0-0: Ball
1-0: Swinging Strike
1-1: Ball
2-1: Foul Ball, location: 2F
2-2: Ground out 5-3 (Groundball, 56, EV 106.9 MPH)
Batting: SHB Shiki Sanu 0-0: Called Strike
0-1: DOUBLE (Line Drive, 9LS, EV 104.4 MPH)
Batting: LHB Héctor Velázquez 0-0: DOUBLE (Groundball, 3L, EV 110.0 MPH)
Shiki Sanu scores
Batting: LHB José Rodríguez 0-0: Swinging Strike
0-1: Ball
1-1: Foul Ball, location: 2F
1-2: Ball
2-2: SINGLE (Groundball, 34D, EV 95.0 MPH)
Héctor Velázquez to third
Runner from 3rd tries for Home, SAFE, throw by RF to home
Batting: LHB Pablo Hernández 0-0: Ball
1-0: Foul Ball, location: 2F
1-1: Called Strike
1-2: Ball
2-2: Ball
3-2: Fly out, F9 (Flyball, 9LS, EV 81.9 MPH)
Top of the 1st over - 2 runs, 3 hits, 0 errors, 1 left on base; Athletic Club KC 2 - Echo Park 0
BOTTOM OF THE 1ST
Echo Park Lakers batting - Pitching for Athletic Club KC : RHP Kullervo Hostikka
Pitching: RHP Kullervo Hostikka
Batting: LHB Wu-shun Chu 0-0: Called Strike
0-1: Ball
1-1: Ball
2-1: Ball
3-1: Base on Balls
Batting: RHB Ryoma Yamamoto 0-0: Swinging Strike
0-1: Ball
1-1: Ball
2-1: Ball
3-1: Reached on error, E6 (Groundball, 6M, EV 85.6 MPH)
Wu-shun Chu to second
Batting: LHB Philip Todd 0-0: Called Strike
Wu-shun Chu steals 3rd base
0-1: Foul Ball, location: 2F
0-2: Ball
1-2: Fly out, F6 (Popup, P, EV 75.6 MPH)
Batting: LHB Tomás Muinos 0-0: Ball
1-0: Called Strike
1-1: Swinging Strike
1-2: Ball
2-2: Ball
3-2: Fielders Choice at 2nd, 3-6 (Groundball, 3, EV 98.8 MPH)
Wu-shun Chu scores
Batting: RHB Kyu-cheol Kye 0-0: Ball
1-0: Foul Ball, location: 2F
1-1: Foul Ball, location: 2F
1-2: Ball
2-2: Foul Ball, location: 2F
2-2: Fly out, F7 (Flyball, 78D, EV 101.9 MPH)
Bottom of the 1st over - 1 run, 0 hits, 1 error, 1 left on base; Athletic Club KC 2 - Echo Park 1
TOP OF THE 2ND
Athletic Club KC batting - Pitching for Echo Park Lakers : RHP Nolan Howard
Batting: RHB Tasuku Goto 0-0: DOUBLE (Flyball, 8LXD, EV 106.2 MPH)
Batting: RHB Wade Tazewell Pickoff Throw to Second - Error! E1
Tasuku Goto to third
0-0: Ball
1-0: Foul Ball, location: 2F
1-1: Foul Ball, location: 2F
1-2: SINGLE (Groundball, 56D, EV 100.0 MPH)
Tasuku Goto scores
Batting: RHB Armando Altagracia 0-0: Ball
1-0: Foul Ball, location: 2F
1-1: Ball
2-1: Ball
3-1: Called Strike
3-2: Base on Balls
Wade Tazewell to second
Batting: LHB César Núñez 0-0: Ball
1-0: Ball
2-0: Called Strike
2-1: Ball
3-1: SINGLE (Groundball, 6MD, EV 93.8 MPH)
Wade Tazewell to third
Armando Altagracia to second
Batting: RHB Ali Ben Bongo 0-0: Called Strike
0-1: Ball
1-1: Ball
2-1: Ball
3-1: Swinging Strike
3-2: Base on Balls
Wade Tazewell scores
Armando Altagracia to third
César Núñez to second
Batting: SHB Shiki Sanu 0-0: Called Strike
0-1: Called Strike
0-2: GRAND SLAM HOME RUN (Flyball, 7D, EV 103.8 MPH), Distance : 376 ft
Pitching: RHP Ken Peterson
Batting: LHB Héctor Velázquez 0-0: Ball
1-0: Called Strike
1-1: Ground out 5-3 (Groundball, 56, EV 88.8 MPH)
Batting: LHB José Rodríguez 0-0: Ball
1-0: Ground out 4-3 (Groundball, 4, EV 82.5 MPH)
Batting: LHB Pablo Hernández 0-0: Called Strike
0-1: Ball
1-1: Ball
2-1: Fly out, F7 (Flyball, 78D, EV 99.4 MPH)
Top of the 2nd over - 6 runs, 4 hits, 1 error, 0 left on base; Athletic Club KC 8 - Echo Park 1
BOTTOM OF THE 2ND
Echo Park Lakers batting - Pitching for Athletic Club KC : RHP Kullervo Hostikka
Batting: RHB Komotay Koffie 0-0: Called Strike
0-1: Fly out, F9 (Flyball, 9LS, EV 79.4 MPH)
Batting: RHB Angeddy Almanzar 0-0: Ground out 1-3 (Groundball, 15S, EV 64.4 MPH)
Batting: SHB Ryan Wood 0-0: DOUBLE (Flyball, 8LXD, EV 105.0 MPH)
Batting: RHB Felipe Campos 0-0: Ball
1-0: Foul Ball, location: 2F
1-1: Fly out, F8 (Line Drive, 8RD, EV 88.8 MPH)
Bottom of the 2nd over - 0 runs, 1 hit, 0 errors, 1 left on base; Athletic Club KC 8 - Echo Park 1
TOP OF THE 3RD
Athletic Club KC batting - Pitching for Echo Park Lakers : RHP Ken Peterson
Batting: RHB Tasuku Goto 0-0: SINGLE (Line Drive, 89M, EV 100.0 MPH)
Batting: RHB Wade Tazewell 0-0: Ball
1-0: Called Strike
1-1: Grounds into double play, 4-6-3 (Groundball, 34, EV 85.6 MPH)
Batting: RHB Armando Altagracia 0-0: Called Strike
0-1: Called Strike
0-2: Ball
1-2: Fly out, F3 (Popup, 34, EV 61.9 MPH)
Top of the 3rd over - 0 runs, 1 hit, 0 errors, 0 left on base; Athletic Club KC 8 - Echo Park 1
BOTTOM OF THE 3RD
Echo Park Lakers batting - Pitching for Athletic Club KC : RHP Kullervo Hostikka
Batting: LHB Wu-shun Chu 0-0: Called Strike
0-1: Ball
1-1: Ball
2-1: Ball
3-1: Ground out U3 (Groundball, 3S, EV 83.8 MPH)
Batting: RHB Ryoma Yamamoto 0-0: Fly out, F3 (Popup, 3F, EV 80.6 MPH)
Batting: LHB Philip Todd 0-0: Ball
1-0: Ball
2-0: Ball
3-0: SOLO HOME RUN (Line Drive, 9D, EV 106.2 MPH), Distance : 392 ft
Batting: LHB Tomás Muinos 0-0: Ball
1-0: Fly out, F8 (Flyball, 8LM, EV 88.1 MPH)
Bottom of the 3rd over - 1 run, 1 hit, 0 errors, 0 left on base; Athletic Club KC 8 - Echo Park 2
TOP OF THE 4TH
Athletic Club KC batting - Pitching for Echo Park Lakers : RHP Ken Peterson
Batting: LHB César Núñez 0-0: Fly out, F7 (Line Drive, 7, EV 93.1 MPH)
Batting: RHB Ali Ben Bongo 0-0: Ball
1-0: Foul Ball, location: 2F
1-1: Foul Ball, location: 2F
1-2: Foul Ball, location: 2F
1-2: Fly out, F8 (Flyball, 8LD, EV 92.5 MPH)
Batting: SHB Shiki Sanu 0-0: Called Strike
0-1: Ball
1-1: Ball
2-1: Foul Ball, location: 2F
2-2: SINGLE (Groundball, 4MD, EV 109.4 MPH)
Batting: LHB Héctor Velázquez 0-0: Called Strike
0-1: Ball
1-1: Ground out U3 (Groundball, 3, EV 78.8 MPH)
Top of the 4th over - 0 runs, 1 hit, 0 errors, 1 left on base; Athletic Club KC 8 - Echo Park 2
BOTTOM OF THE 4TH
Echo Park Lakers batting - Pitching for Athletic Club KC : RHP Kullervo Hostikka
Batting: RHB Kyu-cheol Kye 0-0: Called Strike
0-1: Foul Ball, location: 2F
0-2: Ground out 5-3 (Groundball, 56, EV 88.1 MPH)
Batting: RHB Komotay Koffie 0-0: Ground out 4-3 (Groundball, 4, EV 91.9 MPH)
Pitching: RHP Rafael Narváez
Batting: RHB Angeddy Almanzar 0-0: Ball
1-0: Ball
2-0: Fly out, F9 (Flyball, 9D, EV 94.4 MPH)
Bottom of the 4th over - 0 runs, 0 hits, 0 errors, 0 left on base; Athletic Club KC 8 - Echo Park 2
TOP OF THE 5TH
Athletic Club KC batting - Pitching for Echo Park Lakers : RHP Ken Peterson
Batting: LHB José Rodríguez 0-0: Foul Ball, location: 2F
0-1: Ball
1-1: Ball
2-1: Ball
3-1: Base on Balls
Pitching: LHP Luis Díaz
Batting: LHB Pablo Hernández 0-0: Ball
1-0: Ball
2-0: Called Strike
2-1: Ball
3-1: DOUBLE (Line Drive, 9LS, EV 99.4 MPH)
José Rodríguez to third
Batting: RHB Tasuku Goto 0-0: Ball
1-0: Swinging Strike
1-1: Called Strike
1-2: Ball
2-2: Foul Ball, location: 2F
2-2: Ball
3-2: Foul Ball, location: 2F
3-2: Base on Balls
Batting: RHB Wade Tazewell 0-0: Called Strike
0-1: Ball
1-1: Grounds into fielders choice 1-2 (Groundball, P, EV 84.4 MPH)
Pablo Hernández to third
Tasuku Goto to second
Batting: RHB Armando Altagracia 0-0: Swinging Strike
0-1: Called Strike
0-2: Strikes out swinging
Batting: LHB César Núñez 0-0: Ball
1-0: Foul Ball, location: 2F
1-1: Ball
2-1: Swinging Strike
2-2: Strikes out looking
Top of the 5th over - 0 runs, 1 hit, 0 errors, 3 left on base; Athletic Club KC 8 - Echo Park 2
BOTTOM OF THE 5TH
Echo Park Lakers batting - Pitching for Athletic Club KC : RHP Rafael Narváez
Batting: SHB Ryan Wood 0-0: Ball
1-0: Foul Ball, location: 2F
1-1: SINGLE (Line Drive, 9S, EV 109.4 MPH)
Batting: RHB Felipe Campos 0-0: Ball
1-0: Ball
2-0: Ball
3-0: Called Strike
3-1: Swinging Strike
3-2: Foul Ball, location: 2F
3-2: Fielders Choice at 2nd, 3-6 (Groundball, 3, EV 106.2 MPH)
Batting: LHB Wu-shun Chu 0-0: Ball
1-0: Called Strike
1-1: Foul Ball, location: 2F
1-2: Ball
2-2: SINGLE (Groundball, 25, EV 63.8 MPH) (infield hit)
Felipe Campos to second
Batting: RHB Ryoma Yamamoto 0-0: Ball
1-0: Ball
2-0: Called Strike
2-1: Called Strike
2-2: Grounds into double play, 5-4-3 (Groundball, 5, EV 85.6 MPH)
Bottom of the 5th over - 0 runs, 2 hits, 0 errors, 1 left on base; Athletic Club KC 8 - Echo Park 2
TOP OF THE 6TH
Athletic Club KC batting - Pitching for Echo Park Lakers : LHP Luis Díaz
Pitching: RHP Mark Collingwood
Batting: RHB Ali Ben Bongo 0-0: Foul Ball, location: 2F
0-1: Ball
1-1: SOLO HOME RUN (Flyball, 78XD, EV 106.9 MPH), Distance : 386 ft
Batting: SHB Shiki Sanu 0-0: Foul Ball, location: 2F
0-1: Foul Ball, location: 2F
0-2: Foul Ball, location: 2F
0-2: Ball
1-2: Fly out, F8 (Flyball, 8RXD, EV 85.0 MPH)
Batting: LHB Héctor Velázquez 0-0: Called Strike
0-1: Ball
1-1: Foul Ball, location: 2F
1-2: SINGLE (Line Drive, 9S, EV 104.4 MPH)
Batting: LHB José Rodríguez 0-0: Ball
1-0: Foul Ball, location: 2F
1-1: SINGLE (Line Drive, 6M, EV 94.4 MPH)
Héctor Velázquez to second
Batting: LHB Pablo Hernández 0-0: Ball
1-0: Swinging Strike
1-1: Ball
2-1: Foul Ball, location: 2F
2-2: Grounds into double play, 6-4-3 (Groundball, 6, EV 88.8 MPH)
Top of the 6th over - 1 run, 3 hits, 0 errors, 1 left on base; Athletic Club KC 9 - Echo Park 2
BOTTOM OF THE 6TH
Echo Park Lakers batting - Pitching for Athletic Club KC : RHP Rafael Narváez
Batting: LHB Philip Todd 0-0: Foul Ball, location: 2F
0-1: Foul Ball, location: 2F
0-2: Ball
1-2: Ball
2-2: SINGLE (Line Drive, 56D, EV 96.9 MPH)
Batting: LHB Tomás Muinos 0-0: Called Strike
0-1: Fly out, F6 (Popup, 6S, EV 76.2 MPH)
Batting: RHB Kyu-cheol Kye 0-0: Called Strike
0-1: Ball
1-1: Foul Ball, location: 2F
1-2: SINGLE (Line Drive, 89S, EV 85.0 MPH)
Philip Todd to second
Batting: RHB Komotay Koffie 0-0: Fly out, F7 (Flyball, 7D, EV 94.4 MPH)
Batting: RHB Angeddy Almanzar 0-0: Called Strike
0-1: Ball
1-1: Ball
2-1: Swinging Strike
2-2: Strikes out looking
Bottom of the 6th over - 0 runs, 2 hits, 0 errors, 2 left on base; Athletic Club KC 9 - Echo Park 2
TOP OF THE 7TH
Athletic Club KC batting - Pitching for Echo Park Lakers : RHP Mark Collingwood
Batting: RHB Tasuku Goto 0-0: Called Strike
0-1: Foul Ball, location: 2F
0-2: Strikes out swinging
Batting: RHB Wade Tazewell 0-0: Ball
1-0: Fly out, F3 (Popup, 34, EV 66.2 MPH)
Batting: RHB Armando Altagracia 0-0: Foul Ball, location: 2F
0-1: Swinging Strike
0-2: Ball
1-2: Strikes out swinging
Top of the 7th over - 0 runs, 0 hits, 0 errors, 0 left on base; Athletic Club KC 9 - Echo Park 2
BOTTOM OF THE 7TH
Echo Park Lakers batting - Pitching for Athletic Club KC : RHP Rafael Narváez
Batting: SHB Ryan Wood 0-0: Ball
1-0: Ball
2-0: Foul Ball, location: 2F
2-1: Ball
3-1: Foul Ball, location: 2F
3-2: Foul Ball, location: 2F
3-2: Foul Ball, location: 2F
3-2: Strikes out swinging
Batting: RHB Felipe Campos 0-0: Foul Ball, location: 2F
0-1: Foul Ball, location: 2F
0-2: Ball
1-2: Foul Ball, location: 2F
1-2: Ball
2-2: Ground out 4-3 (Groundball, 4, EV 85.0 MPH)
Batting: LHB Wu-shun Chu 0-0: Ball
1-0: Foul Ball, location: 2F
1-1: Called Strike
1-2: Ball
2-2: Foul Ball, location: 2F
2-2: Foul Ball, location: 2F
2-2: Ball
3-2: Foul Ball, location: 2F
3-2: Base on Balls
Batting: RHB Ryoma Yamamoto 0-0: Ball
1-0: Ball
2-0: Foul Ball, location: 2F
2-1: Ball
3-1: Base on Balls
Wu-shun Chu to second
Batting: LHB Philip Todd 0-0: Called Strike
0-1: Ball
1-1: Foul Ball, location: 2F
1-2: 3-RUN HOME RUN (Flyball, 89XD, EV 96.2 MPH), Distance : 441 ft
Pitching: LHP Francisco González
Batting: LHB Tomás Muinos 0-0: Ball
1-0: Called Strike
1-1: Ball
2-1: Ball
3-1: Swinging Strike
3-2: Foul Ball, location: 2F
3-2: Strikes out swinging
Bottom of the 7th over - 3 runs, 1 hit, 0 errors, 0 left on base; Athletic Club KC 9 - Echo Park 5
TOP OF THE 8TH
Athletic Club KC batting - Pitching for Echo Park Lakers : RHP Mark Collingwood
Pitching: RHP Bobby Roode
Batting: LHB César Núñez 0-0: Ground out 6-3 (Groundball, 56, EV 84.4 MPH)
Batting: RHB Ali Ben Bongo 0-0: Ball
1-0: Ball
2-0: Called Strike
2-1: Ball
3-1: Swinging Strike
3-2: Ground out 6-3 (Groundball, 6, EV 110.6 MPH)
Batting: SHB Shiki Sanu 0-0: Ball
1-0: Ground out U3 (Groundball, 3, EV 80.6 MPH)
Top of the 8th over - 0 runs, 0 hits, 0 errors, 0 left on base; Athletic Club KC 9 - Echo Park 5
BOTTOM OF THE 8TH
Echo Park Lakers batting - Pitching for Athletic Club KC : LHP Francisco González
Batting: RHB Kyu-cheol Kye 0-0: Ball
1-0: Called Strike
1-1: Foul Ball, location: 2F
1-2: Foul Ball, location: 2F
1-2: Ball
2-2: Reached on error, E5 (Groundball, 5S, EV 91.2 MPH)
Batting: RHB Komotay Koffie 0-0: DOUBLE (Groundball, 3L, EV 105.6 MPH)
Kyu-cheol Kye to third
Runner from 3rd tries for Home, SAFE, throw by RF to trailing runner, SAFE at third!
Pitching: RHP Taalay Ibragimov
Batting: RHB Angeddy Almanzar 0-0: Ball
1-0: Ball
2-0: Called Strike
2-1: Ball
3-1: Fly out, F8 (Flyball, 8LS, EV 94.4 MPH)
Batting: SHB Ryan Wood 0-0: Foul Ball, location: 2F
0-1: Fly out, F7 (Flyball, 7, EV 91.2 MPH)
Runner from 3rd tags up, SCORES, throw by LF
Batting: RHB Felipe Campos 0-0: Called Strike
0-1: Called Strike
0-2: Ground out 2-3 (Groundball, 2L, EV 73.8 MPH)
Bottom of the 8th over - 2 runs, 1 hit, 1 error, 0 left on base; Athletic Club KC 9 - Echo Park 7
TOP OF THE 9TH
Athletic Club KC batting - Pitching for Echo Park Lakers : RHP Bobby Roode
Batting: LHB Héctor Velázquez 0-0: Ball
1-0: Foul Ball, location: 2F
1-1: Called Strike
1-2: Ball
2-2: Ball
3-2: Foul Ball, location: 2F
3-2: Base on Balls
Pitching: RHP Jeffery Prosser
Batting: LHB José Rodríguez 0-0: Ball
1-0: Called Strike
1-1: Ball
2-1: Ball
3-1: Base on Balls
Héctor Velázquez to second
Batting: LHB Pablo Hernández 0-0: Sac Bunt to P - play at first, batter OUT! 1-3
Héctor Velázquez to third
José Rodríguez to second
Batting: RHB Tasuku Goto 0-0: Ground out 6-3 (Groundball, 6MS, EV 81.9 MPH)
Héctor Velázquez scores
José Rodríguez to third
Batting: RHB Wade Tazewell 0-0: Foul Ball, location: 2F
0-1: Foul Ball, location: 2F
0-2: Ball
1-2: Ball
2-2: Foul Ball, location: 2F
2-2: Strikes out swinging
Top of the 9th over - 1 run, 0 hits, 0 errors, 1 left on base; Athletic Club KC 10 - Echo Park 7
BOTTOM OF THE 9TH
Echo Park Lakers batting - Pitching for Athletic Club KC : RHP Taalay Ibragimov
Batting: LHB Wu-shun Chu 0-0: Ball
1-0: Swinging Strike
1-1: Ball
2-1: Called Strike
2-2: Strikes out swinging
Batting: RHB Ryoma Yamamoto 0-0: Ball
1-0: Foul Ball, location: 2F
1-1: Foul Ball, location: 2F
1-2: Strikes out looking
Batting: LHB Philip Todd 0-0: Called Strike
0-1: Ball
1-1: Foul Ball, location: 2F
1-2: Ball
2-2: Foul Ball, location: 2F
2-2: Ball
3-2: Foul Ball, location: 2F
3-2: Foul Ball, location: 2F
3-2: Base on Balls
Batting: LHB Tomás Muinos 0-0: Called Strike
0-1: Swinging Strike
0-2: Ball
1-2: Strikes out swinging
Bottom of the 9th over - 0 runs, 0 hits, 0 errors, 1 left on base; Athletic Club KC 10 - Echo Park 7
Wednesday, July 8th, 2020 - OOTP Baseball 20.8 Build 74